Map: Cerulean Fall LE

Players

Nerchio

  • Race: Zerg Zerg
  • Spawn Location: 7:00

SpeCial - Winner!

  • Race: Terran Terran
  • Spawn Location: 1:00

Event: 2018 WCS Global Finals

VOD

Have the link to the VOD?

Description

Time

  • Played on: Oct. 28, 2018, 2:46 p.m.
  • Length: 16:20

All games in this series

Show
View Real Time Build Order
Export as new Build Order

Nerchio Zerg 

Build Orders: Hatch First 

Get SALT Encoding   

  12  0:00  Drone  
  13  0:12  Overlord  
  13  0:17  Drone  
  14  0:30  Drone x2  
  16  0:49  Hatchery  
  15  0:51  Drone  
  15  0:55  Drone  
  17  0:58  Drone  
  18  1:06  Extractor  
  17  1:15  Spawning Pool  
  16  1:18  Drone  
  16  1:22  Drone  
  18  1:28  Drone  
  19  1:38  Overlord  
  19  1:49  Drone  
  20  2:02  Zergling x2, Queen x2  
  20  2:05  Zergling x2  
  26  2:11  Metabolic Boost  
  26  2:16  Drone  
  26  2:18  Drone  
  26  2:22  Drone  
  29  2:24  Drone  
  30  2:43  Hatchery  
  29  2:45  Drone  
  29  2:48  Drone  
  29  2:50  Drone  
  32  2:54  Overlord  
  32  3:01  Queen  
  34  3:07  Drone  
  34  3:08  Drone  
  36  3:14  Drone x3  
  39  3:20  Queen  
  39  3:24  Overlord  
  39  3:26  Drone  
  42  3:28  Drone  
  42  3:34  Zergling x2  
  44  3:36  Overlord  
  44  3:42  Queen  
  44  3:43  Zergling x2  
  44  3:44  Drone  
  44  3:46  Drone  
  49  3:48  Drone  
  49  3:49  Drone  
  49  3:51  Drone  
  51  3:58  Baneling Nest  
  51  3:59  Drone x3  
  51  4:01  Drone  
  54  4:05  Queen  
  56  4:11  Queen  
  58  4:18  Overlord  
  58  4:20  Zergling x4  
  58  4:21  Zergling x4  
  62  4:25  Queen  
  63  4:38  Drone x8  
  71  4:45  Spore Crawler  
  71  4:48  Drone x4  
  73  4:58  Drone x2  
  72  5:00  Drone  
  72  5:04  Overlord  
  73  5:07  Lair  
  73  5:10  Evolution Chamber  
  73  5:12  Drone  
  73  5:17  Overlord x2  
  73  5:23  Drone  
  73  5:24  Drone x5  
  73  5:25  Extractor  
  73  5:26  Drone, Extractor  
  73  5:27  Drone, Extractor  
  79  5:28  Drone  
  79  5:30  Drone  
  79  5:33  Overlord  
  80  5:35  Drone  
  80  5:36  Drone  
  80  5:37  Drone  
  80  5:38  Drone x2  
  80  5:39  Drone  
  86  5:45  Zerg Ground Armor Level 1  
  86  5:46  Drone  
  86  5:47  Drone  
  86  5:48  Evolution Chamber, Drone  
  88  5:53  Zergling x2  
  88  5:54  Zergling x6  
  92  6:01  Zergling x2  
  93  6:06  Zergling x10  
  93  6:08  Overlord  
  93  6:10  Overlord  
  98  6:13  Overlord, Extractor  
  98  6:14  Centrifical Hooks  
  98  6:19  Overlord  
  98  6:20  Hatchery  
  98  6:21  Drone x3  
  98  6:23  Drone  
  101  6:27  Drone  
  101  6:28  Drone x2  
  101  6:29  Drone, Hydralisk Den  
  101  6:30  Extractor  
  101  6:32  Zerg Melee Weapons Level 1  
  103  6:35  Baneling x7  
  103  6:37  Zergling x4  
  103  6:38  Zergling x2  
  106  6:40  Zergling x4  
  106  6:44  Zergling x4  
  106  6:45  Zergling x4  
  112  6:48  Zergling x8  
  116  6:57  Zergling x2  
  116  6:58  Zergling x8  
  116  6:59  Zergling x2  
  117  7:02  Baneling  
  117  7:03  Baneling x4, Zergling x2  
  118  7:18  Drone x6  
  118  7:21  Drone x2  
  118  7:22  Grooved Spines  
  126  7:28  Drone  
  113  7:31  Drone  
  113  7:32  Queen  
  113  7:38  Infestation Pit  
  113  7:39  Hydralisk x2, Hatchery  
  113  7:41  Hydralisk, Hatchery  
  116  7:45  Hydralisk x2, Hatchery  
  116  7:46  Hydralisk x2  
  116  7:49  Baneling x4  
  123  7:51  Hydralisk  
  123  7:52  Extractor  
  123  7:53  Zergling x4  
  126  8:02  Baneling x3  
  126  8:03  Baneling x2, Zergling x4  
  126  8:04  Zergling x2  
  129  8:08  Overseer  
  129  8:09  Zergling x6  
  131  8:13  Overseer  
  131  8:15  Zergling x4  
  131  8:18  Zergling x4  
  135  8:22  Zergling x2  
  132  8:30  Hive  
  132  8:31  Zerg Melee Weapons Level 2  
  132  8:33  Muscular Augments  
  128  8:34  Zergling x10  
  128  8:35  Zergling x2  
  128  8:36  Zergling x4  
  128  8:37  Zergling x2  
  137  8:42  Zergling x2  
  137  8:43  Zerg Ground Armor Level 2  
  138  8:51  Overlord x2  
  138  8:52  Overlord  
  138  8:54  Overlord  
  138  8:55  Overseer x2  
  138  8:56  Overlord  
  135  9:03  Overlord  
  135  9:05  Overlord x2  
  135  9:08  Zergling x16  
  135  9:12  Hydralisk  
  135  9:13  Hydralisk  
  135  9:15  Overseer  
  128  9:19  Zergling x4  
  128  9:21  Overseer  
  128  9:23  Hydralisk x2  
  133  9:27  Hydralisk x2  
  126  9:33  Hydralisk x2  
  126  9:34  Hatchery  
  129  9:39  Hatchery  
  129  9:42  Hydralisk x4  
  129  9:44  Zergling x4  
  138  9:48  Zergling x2  
  138  9:52  Zergling x4  
  141  9:56  Zergling x2  
  141  9:57  Spore Crawler  
  141  9:58  Zergling x2  
  143  10:00  Zergling x2  
  143  10:01  Baneling x9  
  143  10:02  Hatchery  
  143  10:06  Zergling x2  
  143  10:07  Zergling x2  
  143  10:08  Zergling x2  
  144  10:14  Zergling x2  
  144  10:15  Zergling x2  
  144  10:16  Adrenal Glands  
  144  10:21  Zergling x12  
  149  10:33  Viper  
  152  10:38  Zergling x8  
  138  10:50  Zergling x14  
  138  10:52  Zergling x4  
  138  10:53  Zergling x2  
  144  10:58  Zerg Melee Weapons Level 3  
  144  11:00  Zergling x4  
  146  11:09  Drone  
  146  11:10  Drone x4  
  150  11:13  Drone x2  
  151  11:19  Hydralisk x2  
  151  11:20  Hydralisk x3  
  151  11:23  Hydralisk x2  
  165  11:32  Zergling x8  
  166  11:37  Spore Crawler  
  166  11:38  Baneling x11  
  165  11:57  Zergling x2, Ultralisk Cavern  
  165  11:58  Zergling x14  
  165  11:59  Zergling x2  
  165  12:00  Hatchery  
  164  12:14  Zergling x26  
  161  12:19  Zergling x8  
  156  12:26  Drone  
  156  12:29  Drone x4  
  153  12:35  Zergling x2  
  153  12:36  Zergling x12  
  160  12:43  Zerg Ground Armor Level 3  
  156  12:48  Chitinous Plating  
  154  12:56  Zergling x24  
  149  13:06  Hydralisk x4  
  149  13:11  Drone x3  
  160  13:18  Infestor x2  
  160  13:19  Infestor  
  156  13:28  Zergling x10  
  158  13:35  Zerg Missile Weapons Level 1  
  158  13:38  Infestor  
  158  13:39  Drone  
  158  13:40  Drone x3  
  160  13:53  Zergling x16  
  142  14:06  Zergling x20  
  147  14:14  Zergling x10  
  147  14:16  Baneling x6  
  145  14:26  Hydralisk x3  
  145  14:29  Viper  
  154  14:36  Hatchery  
  154  14:38  Drone x8  
  145  14:50  Viper x2  
  148  14:53  Zergling x18  
  148  14:57  Hydralisk  
  159  15:01  Hydralisk  
  159  15:04  Hydralisk  
  161  15:10  Zergling x2  
  161  15:11  Zergling x8  
  162  15:15  Hydralisk x2  
  162  15:20  Hydralisk  
  161  15:24  Zergling x10  
  161  15:28  Hydralisk  
  152  15:34  Zergling x12  
  143  15:36  Zergling x4  
  122  15:54  Drone x7  
Show
View Real Time Build Order
Export as new Build Order

SpeCial Terran - Winner!

Build Orders: Liberator Opening, Reaper Expand 

Get SALT Encoding   

  12  0:00  SCV  
  13  0:13  SCV  
  14  0:17  Supply Depot  
  14  0:25  SCV  
  15  0:39  Barracks, SCV  
  16  0:44  Refinery  
  16  0:51  SCV  
  17  1:03  SCV  
  18  1:15  SCV  
  19  1:27  Orbital Command  
  19  1:28  Reaper  
  20  1:39  Command Center  
  20  1:49  Supply Depot  
  20  1:53  SCV  
  21  2:00  Marine  
  22  2:05  Factory  
  22  2:07  SCV  
  23  2:13  Refinery  
  23  2:19  SCV  
  24  2:23  Barracks Reactor  
  24  2:31  SCV  
  25  2:43  SCV  
  26  2:51  Orbital Command  
  26  2:53  Starport  
  26  2:55  SCV  
  27  3:03  Hellion x2  
  31  3:06  Marine  
  31  3:09  SCV  
  33  3:14  Liberator  
  33  3:15  Supply Depot  
  33  3:18  SCV  
  34  3:21  SCV  
  34  3:24  Hellion x2  
  39  3:28  Barracks Tech Lab  
  39  3:33  SCV x2  
  44  3:40  Supply Depot  
  44  3:45  SCV x2  
  44  3:47  Hellion x2  
  50  3:55  Stimpack  
  50  3:57  SCV  
  50  3:58  SCV  
  52  4:08  Command Center  
  52  4:16  SCV  
  53  4:17  SCV, Supply Depot  
  53  4:19  Factory Tech Lab, Marine  
  55  4:27  Barracks  
  55  4:33  Barracks, Starport Reactor  
  55  4:37  Marine, SCV  
  55  4:38  SCV  
  58  4:41  Siege Tank  
  61  4:49  SCV  
  61  4:50  SCV  
  63  4:54  Marine  
  64  5:01  SCV  
  64  5:02  Engineering Bay  
  64  5:04  Engineering Bay  
  64  5:06  SCV  
  63  5:12  Refinery  
  63  5:13  SCV  
  62  5:14  Refinery  
  62  5:18  SCV  
  62  5:20  Starport Reactor, Orbital Command  
  63  5:23  Marine x3  
  63  5:25  SCV  
  63  5:26  Siege Tank  
  63  5:27  Supply Depot  
  70  5:31  Marine x2  
  70  5:33  Terran Infantry Weapons Level 1  
  70  5:34  Terran Infantry Armor Level 1  
  72  5:37  SCV  
  72  5:41  Marine x3, Orbital Command  
  76  5:43  SCV  
  76  5:48  Marine x2  
  79  5:55  Supply Depot  
  79  5:57  Medivac x2, SCV  
  80  5:59  Marine x2, SCV  
  80  6:03  Combat Shield  
  87  6:05  Marine  
  87  6:11  Marine x2  
  89  6:13  SCV x3  
  89  6:16  Marine  
  89  6:17  Factory Reactor  
  89  6:18  Supply Depot  
  94  6:22  Supply Depot  
  94  6:24  Marine x2  
  94  6:25  SCV x3  
  98  6:29  Marine  
  100  6:36  Marine, Supply Depot  
  100  6:39  Marine, Medivac x2, SCV x2  
  108  6:41  Marine  
  108  6:43  Barracks  
  109  6:49  Barracks  
  109  6:50  SCV  
  109  6:51  SCV  
  111  6:56  Marine  
  111  6:59  Marine x3, Widow Mine x2  
  111  7:00  Marine  
  119  7:04  SCV x2  
  119  7:05  SCV  
  122  7:12  Refinery  
  122  7:14  Marine  
  123  7:16  SCV x2  
  123  7:22  Supply Depot  
  125  7:25  Supply Depot  
  125  7:27  Marine, Widow Mine x2, SCV  
  121  7:32  Marine x3  
  121  7:33  Barracks Reactor, SCV x2  
  117  7:38  Armory, Factory  
  117  7:44  Marine  
  118  7:46  Supply Depot  
  118  7:47  Marine  
  118  7:49  Barracks Reactor, Widow Mine x2, Marine x2  
  118  7:50  Marine  
  126  7:52  Medivac x2  
  130  8:01  Supply Depot  
  130  8:03  Marine  
  131  8:05  Marine  
  131  8:07  Marine x2  
  131  8:10  Widow Mine x2  
  138  8:16  Marine x2  
  138  8:17  Marine  
  141  8:21  Marauder  
  141  8:23  Marine, Command Center  
  141  8:25  Marine x3  
  146  8:31  Marine  
  146  8:32  Widow Mine x3  
  151  8:34  Marine x3  
  151  8:35  Drilling Claws  
  151  8:37  Terran Infantry Armor Level 2, Terran Infantry Weapons Level 2  
  151  8:39  Terran Vehicle And Ship Armor Level 1  
  154  8:46  Marauder, Marine  
  157  8:49  Supply Depot x2  
  157  8:59  Marine x2  
  157  9:03  Barracks  
  157  9:07  Barracks  
  157  9:10  Marine x6  
  157  9:11  Marauder, Widow Mine x2  
  165  9:18  SCV x2  
  165  9:21  Marine x2  
  165  9:22  Sensor Tower  
  165  9:25  Medivac x2  
  165  9:28  Marine x3  
  171  9:32  Marauder  
  169  9:43  Marine x2  
  169  9:44  Marine x3  
  165  9:46  Marine x3  
  165  9:47  Widow Mine  
  165  9:48  Widow Mine  
  165  9:51  Concussive Shells, Barracks Tech Lab  
  172  9:54  Marauder  
  172  9:55  Medivac x2  
  172  9:56  SCV x2  
  172  9:57  SCV  
  172  9:58  Barracks  
  181  10:01  Marine, Barracks Tech Lab  
  181  10:06  Marine  
  183  10:12  Marauder, Marine x3  
  187  10:15  Marine  
  187  10:19  Marine  
  186  10:29  Starport  
  186  10:31  Starport  
  186  10:32  Fusion Core  
  186  10:37  Unknown x4  
  186  10:38  Unknown x8  
  186  10:41  Terran Vehicle And Ship Armor Level 2  
  186  10:46  Marauder  
  186  10:49  Marine  
  155  10:50  Marauder  
  155  10:52  Marauder, Marine  
  155  10:53  Widow Mine x3  
  155  10:54  Marine x3  
  155  10:55  Barracks Tech Lab  
  157  10:58  Marine  
  157  11:03  Marine  
  158  11:07  Starport Tech Lab  
  158  11:08  Planetary Fortress, Marauder, Starport Reactor  
  158  11:10  SCV  
  158  11:11  Marauder, SCV x2  
  162  11:12  Terran Infantry Weapons Level 3, Refinery x2  
  162  11:15  Widow Mine  
  161  11:20  Liberator  
  161  11:21  Terran Infantry Armor Level 3  
  159  11:28  Unknown, Widow Mine x2  
  160  11:33  Marauder, Marine  
  160  11:36  Widow Mine  
  160  11:38  Liberator x2  
  168  11:45  Marine x6  
  174  11:47  Liberator, Command Center  
  174  11:49  Supply Depot  
  180  12:03  Liberator  
  179  12:09  Marine x2  
  179  12:10  Marauder  
  179  12:12  Widow Mine x2  
  179  12:15  Marine x2  
  175  12:16  Marauder  
  175  12:18  Liberator  
  178  12:23  Marauder  
  178  12:25  Widow Mine  
  179  12:30  Marine x2, Liberator  
  179  12:31  Marauder, Marine x2  
  179  12:33  Marine x2  
  179  12:34  Marauder, Widow Mine  
  179  12:36  Marine  
  195  12:41  Marauder  
  195  12:42  Marine, Sensor Tower  
  186  12:44  Marauder  
  186  12:45  Liberator  
  186  12:48  Marine x2  
  191  12:52  Marauder  
  191  12:53  Unknown x12  
  191  12:55  Liberator  
  180  12:59  Marauder, Marine  
  180  13:04  Marine x3  
  180  13:05  Marauder, Marine  
  195  13:13  Advanced Ballistics  
  195  13:15  Marauder, Marine  
  195  13:18  Marauder  
  200  13:25  Marine  
  197  13:27  Marine  
  197  13:28  Marauder, Widow Mine  
  197  13:29  Marine  
  197  13:33  Liberator  
  197  13:34  Unknown x2  
  200  13:38  Liberator  
  200  13:39  Marine x2  
  200  13:40  Marauder  
  195  13:43  Planetary Fortress, Marauder, Marine  
  198  13:50  Medivac  
  198  13:52  Marauder, Marine  
  198  13:54  Marauder, Marine  
  185  13:56  Liberator  
  185  13:59  Unknown  
  185  14:00  Unknown x2, Marine  
  185  14:01  Marauder  
  188  14:03  Medivac  
  188  14:05  Liberator  
  188  14:09  Marauder, Marine x2  
  191  14:13  Marauder  
  191  14:15  Marine  
  191  14:16  Marauder  
  189  14:18  Marine  
  189  14:22  Marauder  
  191  14:24  Liberator  
  191  14:31  Marauder  
  193  14:35  Marauder  
  193  14:36  Liberator  
  193  14:37  Marauder  
  170  14:42  Medivac  
  170  14:44  Marauder  
  175  14:48  Marine  
  175  14:49  Marine x2  
  175  14:52  Marauder  
  172  14:54  Marine x4  
  172  14:56  Marauder  
  172  14:57  Marine  
  172  14:59  Marauder  
  184  15:04  Unknown x5  
  184  15:05  Marauder  
  186  15:07  Marine x2, Liberator  
  186  15:13  Marauder  
  190  15:18  Marauder  
  190  15:20  Marauder, Marine  
  195  15:23  Marine x2  
  195  15:24  Medivac  
  195  15:25  Marine  
  195  15:26  Marine  
  195  15:27  Marauder  
  195  15:28  Marine  
  190  15:29  Marine  
  190  15:34  Medivac  
  190  15:35  Marauder  
  196  15:41  Marauder, Marine  
  196  15:45  Marine  
  196  15:46  Marauder  
  196  15:47  Marine, Orbital Command  
  196  15:48  Marauder  
  181  15:53  Marine  
  181  15:56  Marauder  
  169  15:57  Marine  
  173  16:13  Unknown x5  
Tags
 
Add a new tag
Caveats
  • Supply blocks, unpowered buildings, or Contaminate may cause inaccurate times.
  • Supply counts are checked every 10 seconds.